 Dungeon Crawl Stone Soup version 0.27.1-34-g3ba077fa99 (webtiles) character file.

Game seed: 5561188892334458887

815 ticklebelly the Skirmisher (level 7, 0/64 HPs)
             Began as a Minotaur Berserker on Jan 7, 2022.
             Was a Priest of Trog.
             Succumbed to a scorpion's poison
             ... on level 5 of the Dungeon.
             The game lasted 00:06:46 (5132 turns).

ticklebelly the Skirmisher (Minotaur Berserker)     Turns: 5132, Time: 00:06:47

Health: 0/64       AC: 11    Str: 23    XL:     7   Next: 62%
Magic:  6/6        EV:  8    Int:  4    God:    Trog [***...]
Gold:   207        SH:  3    Dex: 10    Spells: 6/6 levels left

rFire    . . .     SeeInvis .   a - +0 hand axe
rCold    . . .     Faith    .   w - +0 buckler
rNeg     . . .     Spirit   .   b - +0 chain mail
rPois    .         Reflect  .   (helmet restricted)
rElec    .         Harm     .   (no cloak)
rCorr    .         Rampage  .   h - +0 pair of gloves
Will     ++...                  (no boots)
Stlth    ..........             (no amulet)
HPRegen  1.20/turn              (no ring)
MPRegen  0.10/turn              (no ring)

@: lethally poisoned (0 -> -20), strong-willed, regenerating
A: horns 2, retaliatory headbutt
a: Renounce Religion, Berserk, Trog's Hand


You were on level 5 of the Dungeon.
You worshipped Trog.
Trog was most pleased with you.
You visited 1 branch of the dungeon, and saw 5 of its levels.

You collected 207 gold pieces.

Inventory:

Hand Weapons
 a - a +0 hand axe (weapon)
Missiles
 u - 7 boomerangs (quivered)
Armour
 b - a +0 chain mail (worn)
 h - a +0 pair of gloves (worn)
 w - a +0 buckler (worn)
Jewellery
 f - a +6 ring of dexterity
Wands
 p - a wand of iceblast (7)
 r - a wand of flame (11)
Scrolls
 d - 3 scrolls of identify {unknown}
 e - a scroll of enchant armour {unknown}
 i - 2 scrolls of teleportation {unknown}
 k - 4 scrolls of immolation {unknown}
 l - 2 scrolls of blinking {unknown}
 n - a scroll of acquirement {unknown}
 o - a scroll of enchant weapon {unknown}
 s - a scroll of torment {unknown}
 v - a scroll of noise {unknown}
Potions
 c - a potion of attraction {unknown}
 g - 2 potions of degeneration {unknown}
 j - a potion of heal wounds {unknown}
 m - 2 potions of curing {unknown}
 q - a potion of haste {unknown}
 t - a potion of brilliance {unknown}


   Skills:
 + Level 6.5 Fighting
 + Level 6.5 Axes
 + Level 6.1 Armour
 - Level 3.0 Dodging
 + Level 0.3 Shields
 + Level 1.8 Evocations


You had 6 spell levels left.
You didn't know any spells.
Your spell library was empty.

Dungeon Overview and Level Annotations

Branches:
Dungeon (5/15)             Temple (0/1) D:4

Altars:
Gozag
Kikubaaqudgha

Annotations:
D:5 Eustachio


Innate Abilities, Weirdness & Mutations

You have a pair of horns on your head.
You reflexively headbutt those who attack you in melee.


Message History

The howler monkey hits you but does no damage.
The scorpion stings you!
You are more poisoned.
The scorpion poisons you! The howler monkey closely misses you.
You furiously retaliate!
You headbutt the howler monkey. You slash the howler monkey!
You kill the howler monkey!
Trog accepts your kill.
You barely miss the scorpion.
You feel very sick. You block the scorpion's attack.
You feel very sick. The scorpion closely misses you.
You see here a howler monkey corpse.
You hit the scorpion.
The scorpion is almost dead.
You feel very sick. The scorpion stings you.
You are more poisoned.
The scorpion poisons you! The scorpion stings you.
* * * LOW HITPOINT WARNING * * *
You are more poisoned.
The scorpion poisons you!
You hit the scorpion but do no damage.
The scorpion is almost dead.
* * * LOW HITPOINT WARNING * * *
You feel very sick.
The scorpion stings you but does no damage.
Your skin crawls.
You feel strong-willed.
* * * LOW HITPOINT WARNING * * *
You feel very sick. The scorpion stings you.
* * * LOW HITPOINT WARNING * * *
You are more poisoned.
The scorpion poisons you!
You hit the scorpion.
You kill the scorpion!
Trog accepts your kill.
You die...

##. #..##...# #..
##.......# . #..##
##........### .. ##...#
##...........#
...#....###...##........
.........#.).####.......
..............####......
...............###......
.......@...#.....##.....
........#..###.........<
.........#..###...).....
..........#..##...####..
...........#.....## #..
............#....#####..
#######.................
#.................
#.................


There were no monsters in sight!

Vanquished Creatures
  Sigmund (D:2)
  A black bear (D:3)
  An ogre (D:5)
  2 scorpions (D:5)
  A gnoll sergeant (D:5)
  A centaur zombie (D:5)
  A howler monkey (D:5)
  A hound (D:5)
  A jelly (D:4)
  A centaur skeleton (D:5)
  An iguana (D:5)
  A hound skeleton (D:4)
  Robin (D:2)
  2 adders
  4 gnolls (D:4)
  2 ufetubi (D:4)
  A worm (D:4)
  6 dart slugs
  4 orcs
  6 endoplasms
  3 giant cockroaches (D:2)
  11 goblins
  5 hobgoblins
  6 jackals
  5 quokkas
  4 ball pythons
  7 bats
  5 frilled lizards
  5 kobolds
  7 rats
97 creatures vanquished.

Vanquished Creatures (others)
  2 plants (D:4)
2 creatures vanquished.

Grand Total: 99 creatures vanquished

Notes
Turn   | Place    | Note
-------+----------+-------------------------------------------
     0 | D:1      | ticklebelly the Minotaur Berserker began the quest for the
                  | Orb.
     0 | D:1      | Reached XP level 1. HP: 19/19 MP: 0/0
    16 | D:1      | Found a faded altar of an unknown god.
   304 | D:1      | Reached XP level 2. HP: 27/27 MP: 1/1
   865 | D:1      | Reached ** piety under Trog
   866 | D:1      | Reached XP level 3. HP: 33/33 MP: 2/2
   953 | D:2      | Found an ancient bone altar of Kikubaaqudgha.
  1123 | D:2      | Noticed Sigmund
  1134 | D:2      | Killed Sigmund
  1135 | D:2      | Reached XP level 4. HP: 27/41 MP: 3/3
  1135 | D:2      | Reached XP level 5. HP: 31/47 MP: 4/4
  1443 | D:2      | Reached skill level 5 in Axes
  1493 | D:2      | Noticed Robin
  1499 | D:2      | Reached skill level 5 in Fighting
  1503 | D:2      | Killed Robin
  2052 | D:3      | Noticed a black bear
  2066 | D:3      | Killed a black bear
  2067 | D:3      | Reached skill level 5 in Armour
  2067 | D:3      | Reached XP level 6. HP: 34/56 MP: 5/5
  2340 | D:3      | Reached *** piety under Trog
  2614 | D:4      | Found a staircase to the Ecumenical Temple.
  3631 | D:5      | Entered Level 5 of the Dungeon
  3854 | D:5      | Noticed Eustachio
  4132 | D:5      | Reached XP level 7. HP: 48/63 MP: 6/6
  4227 | D:5      | Found an opulent altar of Gozag.
  4426 | D:5      | Reached skill level 1 in Evocations
  5132 | D:5      | Succumbed to a scorpion's poison

Illustrated notes

Levels and vault maps discovered:
D:1:      ebering_hopf_link, layout_loops_ring, shapermc_ecumenical_altar_venn
D:2:      layout_loops_ring, basic_altar, solitary_fountain, feat_on_display,
          uniq_robin, uniq_sigmund
D:3:      layout_basic
D:4:      layout_rooms, minmay_temple_entry_gardened_gates,
          serial_co_window_serial, co_window_paths_a, co_window_paths_b,
          co_window_of_opportunity_a, co_window_paths_a, co_window_corner_a,
          co_window_unsneaky_path_c, co_window_unsneaky_path_e,
          co_window_paths_c, co_window_of_opportunity_b, co_window_paths_d,
          co_window_sun, glass_columns_b
D:5:      layout_layer_cave, gammafunk_temple_overflow_forgotten,
          nzn_wu_jian_contemplation, dk_noncrumbling_3, uniq_eustachio

Skill      XL: |  1  2  3  4  5  6  7 |
---------------+----------------------+-----
Armour         | 3 4 5 6 |  6.1
Fighting       | 4 5 6 |  6.5
Axes           | 4 5 6 |  6.5
Dodging        | 3 |  3.0
Evocations     | 1 |  1.8
Shields        | |  0.3

Action                   |  1- 3 |  4- 6 |  7- 9 || total
-------------------------+-------+-------+-------++-------
Melee: Hand axe          |    65 |   134 |    45 ||   244
       Headbutt          |    12 |    22 |     9 ||    43
Invok: Berserk           |       |     1 |     1 ||     2
       Trog's Hand       |       |       |     1 ||     1
Armor: Animal skin       |     3 |       |       ||     3
       Scale mail        |     3 |       |       ||     3
       Chain mail        |    33 |    90 |    14 ||   137
Dodge: Dodged            |    30 |    77 |    13 ||   120
Block: Buckler           |       |       |     2 ||     2
